 Dungeon Crawl Stone Soup version 0.31-a0-876-gfe8ebadbca (webtiles) character file.

Game seed: 11914369638182594592

106183 Aneyh the Slayer (level 16, 0/128 HPs)
             Began as a Tengu Monk on Oct 14, 2023.
             Was the Champion of Hepliaklqana.
             Succumbed to a guardian serpent's bolt of poison
             ... on level 2 of the Snake Pit.
             The game lasted 00:52:14 (21688 turns).

Aneyh the Slayer (Tengu Monk)                      Turns: 21688, Time: 00:52:15

Health: 0/128      AC: 17    Str: 23    XL:     16   Next: 43%
Magic:  8/17       EV: 17    Int: 11    God:    Hepliaklqana [******]
Gold:   921        SH:  0    Dex: 19    Spells: 15/15 levels left

rFire   + . .        t - +6 glaive "Ypuckum" {heavy, rF+ Str+3}
rCold   . . .        (shield currently unavailable)
rNeg    . . .        e - +3 troll leather armour
rPois   x            v - +1 hat
rElec   .            g - +2 cloak of Lust {Str+3}
rCorr   .            X - +2 pair of gloves
SInv    .            (boots unavailable)
Will    +....        k - amulet of reflection
Stlth   +            L - +4 ring of protection
HPRegen 1.21/turn    T - +4 ring of slaying
MPRegen 0.15/turn

%: reflection, acrobat
@: confused, lethally poisoned (0 -> -14), ambrosia-drunk, poison vulnerable,
flying
A: reduced essence, beak, talons 3, evasive flight, acrobatic, robust 1,
MP-powered wands
a: Renounce Religion, Recall Ancestor, Ancestor Identity, Transference, Idealise


You were on level 2 of the Snake Pit.
You worshipped Hepliaklqana.
Hepliaklqana was exalted by your worship.
You visited 4 branches of the dungeon, and saw 20 of its levels.
You also visited: Trove, Ossuary, Bailey and Ice Cave.

You collected 1641 gold pieces.
You spent 720 gold pieces at shops.

Inventory:

Hand Weapons
 a - a +0 glaive of protection
 t - the +6 glaive "Ypuckum" (weapon) {heavy, rF+ Str+3}
   (You found it on level 14 of the Dungeon)

   Str+3:     It affects your strength (+3).
   rF+:       It protects you from fire.
 D - the +6 whip of Outrage {flame, rC++ Int+5 Dex-4}
   (You found it in an ice cave)

   Int+5:     It affects your intelligence (+5).
   Dex-4:     It affects your dexterity (-4).
   rC++:      It greatly protects you from cold.
 S - a +5 shortbow of flaming
Missiles
 x - 13 boomerangs (quivered)
 J - a throwing net
 O - 3 javelins
Armour
 e - a +3 troll leather armour (worn)
 g - the +2 cloak of Lust (worn) {Str+3}
   (You bought it in a shop on level 11 of the Dungeon)

   Str+3:     It affects your strength (+3).
 v - a +1 hat (worn)
 U - the +4 chain mail "Tilag" {rPois MP-9 Int+3}
   (You found it in an ice cave)

   Int+3:     It affects your intelligence (+3).
   rPois:     It protects you from poison MP-9: It affects your magic capacity
   (-9).
 X - a +2 pair of gloves (worn)
Jewellery
 d - a +6 ring of dexterity
 i - a ring of poison resistance
 k - an amulet of reflection (around neck)
 r - a +4 ring of protection
 w - a ring of see invisible
 L - a +4 ring of protection (left hand)
 T - a +4 ring of slaying (right hand)
 Y - a ring of protection from cold
Wands
 q - a wand of roots (23)
 s - a wand of digging (6)
 y - a wand of light (7)
 H - a wand of charming (7)
 V - a wand of flame (7)
 W - a wand of polymorph (3)
Scrolls
 c - 5 scrolls of silence {unknown}
 f - 10 scrolls of teleportation
 l - 5 scrolls of torment {unknown}
 m - 2 scrolls of fog
 o - 2 scrolls of fear
 p - 7 scrolls of revelation
 u - 7 scrolls of enchant weapon {unknown}
 C - 6 scrolls of enchant armour
 I - 5 scrolls of amnesia {unknown}
 M - 8 scrolls of identify
 R - 2 scrolls of vulnerability {unknown}
 Z - 2 scrolls of butterflies {unknown}
Potions
 b - a potion of might
 j - 3 potions of brilliance
 n - 6 potions of enlightenment
 z - a potion of haste
 A - 4 potions of mutation
 B - 7 potions of lignification
 E - 3 potions of curing
 F - a potion of cancellation
 G - 2 potions of magic
 K - 2 potions of invisibility
 N - a potion of resistance


   Skills:
 * Level 24.3 Fighting
 - Level 21.0 Polearms
 - Level 3.2 Dodging


You had 15 spell levels left.
You didn't know any spells.
Your spell library contained the following spells:

 Spells                   Type           Power      Damage    Failure   Level
 Kiss of Death            Conj/Necr      0%         2d5       38%         1
 Magic Dart               Conj           0%         1d3       38%         1
 Sting                    Tmut/Pois      0%         1d3       38%         1
 Cigotuvi's Dreadful Rot  Necr/Pois/Air  0%         N/A       52%         2
 Ensorcelled Hibernation  Hex/Ice        0%         N/A       52%         2
 Passwall                 Tmut/Erth      0%         N/A       52%         2
 Poisonous Vapours        Pois/Air       0%         N/A       52%         2
 Searing Ray              Conj           0%         2d4       52%         2
 Static Discharge         Conj/Air       0%         2-2/arc   52%         2
 Wereblood                Tmut           0%         N/A       52%         2
 Confusing Touch          Hex            0%         N/A       77%         3
 Dazzling Flash           Conj/Hex       0%         N/A       77%         3
 Gell's Gravitas          Tloc           0%         N/A       77%         3
 Hailstorm                Conj/Ice       0%         3d3       77%         3
 Ignite Poison            Fire/Tmut/Pois 0%         N/A       77%         3
 Inner Flame              Hex/Fire       0%         N/A       77%         3
 Swiftness                Air            0%         N/A       77%         3
 Teleport Other           Tloc           0%         N/A       77%         3
 Airstrike                Air            0%         2d(0-16)  99%         4
 Animate Armour           Summ/Erth      0%         N/A       99%         4
 Animate Dead             Necr           0%         N/A       99%         4
 Dispel Undead            Necr           0%         3d6       99%         4
 Flame Wave               Conj/Fire      0%         2d4       99%         4
 Fulminant Prism          Conj/Hex       0%         3d5       99%         4
 Manifold Assault         Tloc           0%         N/A       99%         4
 Olgreb's Toxic Radiance  Pois           0%         N/A       99%         4
 Passage of Golubria      Tloc           0%         N/A       99%         4
 Sticky Flame             Conj/Fire      0%         2d3       99%         4
 Summon Ice Beast         Ice/Summ       0%         N/A       99%         4
 Summon Lightning Spire   Summ/Air       0%         N/A       99%         4
 Agony                    Necr           0%         N/A       100%        5
 Freezing Cloud           Conj/Ice/Air   0%         6-21      100%        5
 Silence                  Hex/Air        0%         N/A       100%        5
 Summon Forest            Summ/Tloc      0%         N/A       100%        5
 Yara's Violent Unravell  Hex/Tmut       0%         3d3       100%        5
 Bombard                  Conj/Erth      0%         9d1       100%        6
 Conjure Ball Lightning   Conj/Air       0%         3x3d6     100%        6
 Dispersal                Tloc           0%         N/A       100%        6
 Simulacrum               Ice/Necr       0%         N/A       100%        6
 Haunt                    Necr/Summ      0%         N/A       100%        7
 Malign Gateway           Summ/Tloc      0%         N/A       100%        7
 Monstrous Menagerie      Summ           0%         N/A       100%        7
 Borgnjor's Revivificati  Necr           0%         N/A       100%        8
 Disjunction              Tloc           0%         N/A       100%        8
 Ignition                 Fire           0%         3d3       100%        8
 Infestation              Necr           0%         N/A       100%        8
 Lehudib's Crystal Spear  Conj/Erth      0%         10d2      100%        8
 Summon Horrible Things   Summ           0%         N/A       100%        8
 Death's Door             Necr           0%         N/A       100%        9


Dungeon Overview and Level Annotations

Branches:
Dungeon (15/15)            Temple (0/1) D:5            Lair (2/5) D:8
 Shoals (1/4) Lair:2        Snake (2/4) Lair:2          Orc (0/2) D:9
 Vaults (0/5) D:13         Depths (0/4) D:15        Ossuary (visited)
 Bailey (visited)           IceCv (visited)

Altars:
Ashenzari
Cheibriados
Dithmenos
Elyvilon
Hepliaklqana
Makhleb
Nemelex Xobeh
Okawaru
Ru
The Shining One

Shops:
D:4 ?   D:5 (   D:9 (   D:10 [:   D:11 ?![[?   Shoals:1 !

Annotations:
D:5 2 transporters
D:12 1 runed translucent door
D:15 3 runed translucent doors, Imulidwi's ghost, journeyman OpFi


Innate Abilities, Weirdness & Mutations

Your life essence is reduced to manifest your ancestor. (-10% HP)
You have a beak for a mouth.
You have claws for feet.
Your magical flight helps you evade attacks. (EV +4)
You can magically evade attacks while moving or waiting.
You are robust. (+10% HP)
You expend magic power (3 MP) to strengthen your wands.


Message History

The naga constricts you.
* * * LOW HITPOINT WARNING * * *
Belshunu misses the black mamba.
Belshunu closely misses the naga ritualist.
Belshunu hits the naga with a +0 broad axe of flaming!
Belshunu burns the naga.
Belshunu hits the mana viper with a +0 broad axe of flaming!
Belshunu burns the mana viper.
The mana viper dies!
The naga ritualist prays to its god.
The naga ritualist begins to radiate toxic energy.
* * * LOW HITPOINT WARNING * * *
You are more poisoned.
Unknown command.
Okay, then.
You feel much better.
Your surroundings suddenly seem different.
Something loses its grip on you.
A guardian serpent, 3 nagas and a black mamba come into view.
You feel extremely sick.
The guardian serpent shouts!
The naga mage shouts!
The naga warrior shouts!
You hear a shout! x3; You hear an angry hiss.
The guardian serpent coils itself and waves its upper body at you.
The bolt of poison hits you!!
You are lethally poisoned!
* * * LOW HITPOINT WARNING * * *
A naga comes into view. It is wielding a +0 battleaxe.
Belshunu is recalled.
* * * LOW HITPOINT WARNING * * *
You feel extremely sick.
You feel better. The guardian serpent misses you.
The naga mage gestures wildly while chanting.
The naga mage seems to speed up.
The guardian serpent casts a spell at you.
The bolt of poison hits you!!
You are poisoned.
* * * LOW HITPOINT WARNING * * *
You are confused.
You feel invigorated.
You die...

#.# .## #N.
..### ... . ##
#....# ..
..###.###.....#
..
..............#
........NN....#
.......S.......
.....S.@R.N..N#
#.............#
#######..^....#
#.....#.#
#....## .
#....# ####.#
.#


You could see the friendly Belshunu the knight, a naga warrior, a salamander, a
guardian serpent, a black mamba, a naga mage (fast) and a naga.

Vanquished Creatures
  A kraken (Shoals:1)
  Gastronok (D:9)
  An ironbound preserver (D:13)
  The ghost of Darius099 the Severer, a journeyman MiFi of Okawaru (D:14)
  2 merfolk impalers (Shoals:1)
  2 hydras (D:14)
  A rakshasa (D:13)
  A death knight (D:14)
  An ogre mage (D:13)
  3 tengu warriors
  7 boulder beetles
  5 centaur warriors
  9 two-headed ogres
  A naga warrior (Snake:1)
  A shock serpent (Snake:1)
  The ghost of SirDiesAlot the Tainter, a novice OpVM of Jiyva (D:9)
  An orc high priest (Bailey)
  2 naga sharpshooters (Snake:1)
  Amaemon (Lair:1)
  Sonja (D:10)
  A fire crab (D:14)
  A skyshark (Shoals:1)
  A fire crab (shapeshifter) (D:14)
  2 sea snakes
  3 wizards
  3 harpies (Shoals:1)
  A deep elf zephyrmancer (D:14)
  A mana viper (Snake:1)
  27 ugly things
  3 fauns (Shoals:1)
  3 deep elf pyromancers
  4 orc knights
  12 cyclopes
  4 manticores
  8 black mambas
  3 merfolk sirens
  2 ice statues (IceCv)
  A naga mage (Snake:1)
  Joseph (Lair:1)
  Maggie (D:8)
  2 gargoyles
  2 water nymphs (Shoals:1)
  5 cane toads
  An orange demon (Lair:1)
  A kobold demonologist (Bailey)
  A rime drake (Lair:1)
  An unseen horror zombie (D:10)
  3 komodo dragons
  An anaconda simulacrum (IceCv)
  2 freezing wraiths
  3 yaktaurs
  4 tengu conjurers
  4 merfolk (Shoals:1)
  A troll (shapeshifter) (D:14)
  5 trolls
  3 hornets
  2 snapping turtles (Shoals:1)
  Sigmund (D:2)
  2 wyverns
  A centaur simulacrum (D:14)
  3 basilisks
  3 vampires
  A water elemental (Shoals:1)
  5 wraiths
  12 yaks
  2 redbacks (D:15)
  6 vampire mosquitoes
  2 death yak simulacra (IceCv)
  A harpy simulacrum (IceCv)
  10 nagas
  11 water moccasins
  2 acid dragons
  3 ice beasts
  A hydra simulacrum (IceCv)
  10 orc warriors
  A sky beast (D:8)
  2 black bears
  21 wolves
  4 centaurs
  2 ogres (D:13)
  3 phantoms
  4 bullfrogs
  3 elf zombies (Ossuary)
  A gnoll sergeant (D:10)
  4 scorpions
  12 wights
  A hornet simulacrum (D:14)
  14 killer bees
  5 howler monkeys
  5 electric eels
  7 centaur zombies
  5 human zombies (Ossuary)
  4 jellies
  The ghost of Squashgosh the Caller, a weakling VSSu (D:4)
  An orc priest (D:6)
  A sleepcap (D:6)
  A hound (D:6)
  A gnoll bouda (D:7)
  5 orc wizards
  2 polar bear simulacra (IceCv)
  3 mummies (Ossuary)
  A howler monkey zombie (D:10)
  19 gnolls
  5 adders
  A white imp (D:6)
  3 ufetubi
  2 worms
  12 orcs
  6 endoplasms (D:1)
  2 giant cockroaches
  17 goblins
  8 hobgoblins
  4 jackals
  5 quokkas
  17 ball pythons
  5 bats
  4 frilled lizards
  4 kobolds
  2 rats
  A spectral goblin (D:3)
  3 tentacles (Shoals:1)
476 creatures vanquished.

Vanquished Creatures (collateral kills)
  Josephine (Shoals:1)
  Erolcha (D:9)
  2 centaur warriors (D:13)
  A deep troll earth mage (D:15)
  A harpy (Shoals:1)
  2 mana vipers
  4 cyclopes
  A manticore (D:14)
  An ugly thing (D:13)
  2 fauns (Shoals:1)
  An ice statue (IceCv)
  A black mamba (Lair:1)
  A yaktaur (D:15)
  A rime drake (Lair:2)
  An unseen horror zombie (D:10)
  A wolf spider simulacrum (D:15)
  A yak (D:8)
  A shadow (D:10)
  A wyvern (D:8)
  2 wraiths
  3 vampire mosquitoes
  3 nagas (Snake:1)
  3 orc warriors
  An ice beast (D:8)
  A boggart (D:15)
  3 wolves (Lair:2)
  4 centaurs
  An elf zombie (Ossuary)
  2 bullfrogs
  4 wights
  2 killer bees (D:7)
  2 electric eels (Bailey)
  A howler monkey (D:11)
  2 centaur zombies (D:10)
  2 iguanas
  2 howler monkey zombies (D:10)
  6 gnolls
  A white imp (D:5)
  An ufetubus (D:4)
  4 orcs
  2 endoplasms
  3 goblins
  A hobgoblin (Bailey)
81 creatures vanquished.

Vanquished Creatures (others)
  15 knights
  4 tentacles (Shoals:1)
19 creatures vanquished.

Grand Total: 576 creatures vanquished

Notes
Turn   | Place    | Note
-------+----------+-------------------------------------------
     0 | D:1      | Aneyh the Tengu Monk began the quest for the Orb.
     0 | D:1      | Reached XP level 1. HP: 14/14 MP: 2/2
   162 | D:1      | Reached XP level 2. HP: 19/19 MP: 3/3
   728 | D:1      | Reached XP level 3. HP: 24/24 MP: 4/4
   946 | D:2      | Reached skill level 4 in Fighting
   968 | D:2      | Found a white marble altar of Elyvilon.
  1066 | D:2      | Found a burning altar of Makhleb.
  1165 | D:2      | Noticed Sigmund
  1302 | D:2      | Killed Sigmund
  1303 | D:2      | Reached skill level 5 in Fighting
  1303 | D:2      | Reached skill level 5 in Polearms
  1303 | D:2      | Reached XP level 4. HP: 28/31 MP: 5/5
  1303 | D:2      | Reached XP level 5. HP: 31/35 MP: 6/6
  1853 | D:3      | Reached XP level 6. HP: 35/40 MP: 7/7
  1942 | D:3      | Found a hazy altar of Hepliaklqana.
  1958 | D:3      | Became a worshipper of Hepliaklqana the Forgotten
  1958 | D:3      | Reached * piety under Hepliaklqana
  1958 | D:3      | Reached ** piety under Hepliaklqana
  1959 | D:3      | Remembered your ancestor Belshunu as a knight
  2157 | D:3      | Found a sparkling altar of Nemelex Xobeh.
  2167 | D:3      | Found a broken altar of Ashenzari.
  2483 | D:3      | Found a faded altar of an unknown god.
  2667 | D:4      | Noticed Squashgosh's ghost (weakling VSSu)
  2667 | D:4      | Found a runed translucent door.
  2683 | D:4      | Killed Squashgosh's ghost
  2788 | D:4      | Reached skill level 6 in Fighting
  2921 | D:4      | Gained mutation: Your magical flight helps you evade
                  | attacks. (EV +4) [Tengu growth]
  2921 | D:4      | Reached XP level 7. HP: 41/41 MP: 8/8
  3163 | D:4      | Found Wyetig's Magic Scroll Shop.
  3250 | D:4      | Bought a scroll of brand weapon for 123 gold pieces
  3486 | D:5      | Entered Level 5 of the Dungeon
  3508 | D:5      | Noticed a troll
  3508 | D:5      | Noticed a troll
  3510 | D:5      | Noticed a wraith
  3511 | D:5      | Found a snail-covered altar of Cheibriados.
  3520 | D:5      | Found a transporter.
  3533 | D:5      | Found a transporter.
  3641 | D:5      | Found Eraos's Weapon Shoppe.
  3670 | D:5      | Reached *** piety under Hepliaklqana
  3733 | D:5      | Found a staircase to the Ecumenical Temple.
  3802 | D:5      | Reached XP level 8. HP: 46/46 MP: 9/9
  3824 | D:5      | Reached skill level 7 in Fighting
  4356 | D:6      | Found a sand-covered staircase.
  4366 | Ossuary  | Entered an ossuary
  4466 | Ossuary  | Reached skill level 8 in Fighting
  4604 | Ossuary  | Reached XP level 9. HP: 27/53 MP: 10/10
  4620 | Ossuary  | Reached skill level 10 in Polearms
  4969 | D:6      | Identified the +10 short sword of Qalob {drain, rPois Str+6
                  | Int-4}
  5255 | D:6      | Found a glowing golden altar of the Shining One.
  5343 | D:7      | Reached **** piety under Hepliaklqana
  5945 | D:7      | Reached skill level 9 in Fighting
  6318 | D:7      | Reached XP level 10. HP: 34/59 MP: 11/11
  6320 | D:7      | Found an iron altar of Okawaru.
  6414 | D:7      | Found a white marble altar of Elyvilon.
  6828 | D:8      | Found a staircase to the Lair.
  6982 | D:7      | Reached skill level 10 in Fighting
  7243 | D:8      | Paralysed by a hornet for 1 turns
  7984 | D:8      | Found a shadowy altar of Dithmenos.
  8050 | D:8      | Noticed Maggie
  8059 | D:8      | Killed Maggie
  8060 | D:8      | Reached skill level 11 in Fighting
  8235 | D:8      | Identified the +5 broad axe of the Silent Majority {flame,
                  | rPois Dex+2}
  8503 | D:9      | Noticed Gastronok
  8630 | D:9      | Killed Gastronok
  8631 | D:9      | Reached XP level 11. HP: 19/66 MP: 12/12
  8641 | D:9      | Noticed a two-headed ogre
  8996 | D:9      | Killed a two-headed ogre
  9093 | D:9      | Found a staircase to the Orcish Mines.
  9105 | D:9      | Noticed Erolcha
  9118 | D:9      | Killed Erolcha
  9119 | D:9      | Reached skill level 12 in Fighting
  9121 | D:9      | Found Poifoagh's Weapon Boutique.
  9464 | D:9      | Noticed SirDiesAlot's ghost (novice OpVM)
  9497 | D:9      | Reached ***** piety under Hepliaklqana
  9497 | D:9      | Noticed a two-headed ogre
  9499 | D:9      | Found a runed translucent door.
  9510 | D:9      | Killed a two-headed ogre
  9818 | D:9      | Killed SirDiesAlot's ghost
  9848 | D:10     | Entered Level 10 of the Dungeon
  9966 | D:10     | Found Tristan's Dragon-Slaying Spoils.
 10081 | D:10     | Found a portal to a secret trove of treasure.
 10086 | D:10     | You paid a toll of 4 scrolls of fog to enter a treasure
                  | trove
 10087 | Trove    | Identified Sif Muna's Parchment of Congregated Violence
                  | (Sif Muna gifted it to you in a treasure trove)
 10087 | Trove    | Identified Sif Muna's Quarto of Combined Configuration (Sif
                  | Muna gifted it to you in a treasure trove)
 10087 | Trove    | Entered a treasure trove
 10159 | D:10     | Found Xodoipew's Book Emporium.
 10186 | D:10     | Reached skill level 15 in Polearms
 10281 | D:10     | Found a flagged portal.
 10293 | Bailey   | Entered a bailey
 10663 | Bailey   | Noticed an orc knight
 10673 | Bailey   | Reached skill level 13 in Fighting
 10676 | Bailey   | Killed an orc knight
 10822 | Bailey   | Found an iron altar of Okawaru.
 10823 | Bailey   | Noticed an orc knight
 10823 | Bailey   | Noticed an orc high priest
 10893 | Bailey   | Killed an orc high priest
 10894 | Bailey   | Reached XP level 12. HP: 61/75 MP: 13/13
 10964 | Bailey   | Reached skill level 14 in Fighting
 11317 | Bailey   | Acquired a manual of Fighting
 11324 | Bailey   | Reached skill level 16 in Fighting
 11324 | Bailey   | Reached XP level 13. HP: 85/85 MP: 14/14
 11666 | D:10     | Noticed Sonja
 11669 | D:10     | Killed Sonja
 11670 | D:10     | Reached skill level 17 in Fighting
 12107 | D:11     | Found Sydghij's Magic Scroll Shop.
 12380 | D:11     | Found Zamangud's Antique Armour Boutique.
 12392 | D:11     | Found Anwuntom's Magic Scroll Shoppe.
 12412 | D:11     | Found Aloa's Armour Shoppe.
 12420 | D:11     | Bought the +2 cloak of Lust {Str+3} for 389 gold pieces
 12657 | D:11     | Found Budax's Distillery.
 13111 | D:12     | Found a sacrificial altar of Ru.
 13196 | D:12     | Reached skill level 18 in Fighting
 13355 | D:12     | Found a runed translucent door.
 13358 | D:12     | Noticed a balrug
 13673 | D:13     | Found a frozen archway.
 13680 | IceCv    | Entered an ice cave
 14586 | IceCv    | Gained mutation: You expend magic power (3 MP) to
                  | strengthen your wands. [potion of mutation]
 14586 | IceCv    | Gained mutation: You are robust. (+10% HP) [potion of
                  | mutation]
 15028 | IceCv    | Identified the +4 chain mail "Tilag" {rPois MP-9 Int+3}
 15031 | IceCv    | Identified the +6 whip of Outrage {flame, rC++ Int+5 Dex-4}
 15089 | D:13     | Noticed a rakshasa
 15102 | D:13     | Killed a rakshasa
 15149 | D:13     | Noticed a green very ugly thing
 15224 | D:13     | Reached skill level 19 in Fighting
 15229 | D:13     | Reached XP level 14. HP: 103/106 MP: 15/15
 15374 | D:13     | Found a gate to the Vaults.
 15374 | D:13     | Noticed an ironbound preserver
 15385 | D:13     | Killed an ironbound preserver
 15386 | D:13     | Reached skill level 20 in Fighting
 16525 | D:14     | Reached skill level 21 in Fighting
 16957 | D:14     | Reached XP level 15. HP: 39/116 MP: 16/16
 17063 | D:14     | Identified the +6 glaive "Ypuckum" {heavy, rF+ Str+3}
 17224 | D:14     | Reached skill level 22 in Fighting
 17414 | D:14     | Found a runed translucent door.
 17415 | D:14     | Noticed Darius099's ghost (journeyman MiFi)
 17424 | D:14     | Killed Darius099's ghost
 17525 | D:15     | Entered Level 15 of the Dungeon
 17618 | D:15     | Reached ****** piety under Hepliaklqana
 17809 | D:15     | Found a staircase to the Depths.
 18003 | D:15     | Found a runed translucent gate.
 18003 | D:15     | Found a runed translucent gate.
 18003 | D:15     | Found a runed translucent gate.
 18004 | D:15     | Identified the +10 broad axe "Ycharhal" {speed, rPois
                  | Int+3}
 18004 | D:15     | Identified the +2 orcbow of Plunder {speed, rCorr Dex+4}
 18006 | D:15     | Noticed a fire giant
 18006 | D:15     | Noticed Imulidwi's ghost (journeyman OpFi)
 18009 | D:15     | Found an iron altar of Okawaru.
 18033 | D:15     | Found an iron altar of Okawaru.
 19007 | Lair:1   | Entered Level 1 of the Lair of Beasts
 19318 | Lair:1   | Noticed Joseph
 19322 | Lair:1   | Killed Joseph
 19324 | Lair:1   | Noticed Amaemon
 19334 | Lair:1   | Killed Amaemon
 19337 | Lair:1   | Reached skill level 23 in Fighting
 19875 | Lair:2   | Found a staircase to the Snake Pit.
 20031 | Lair:2   | Found a staircase to the Shoals.
 20101 | Shoals:1 | Entered Level 1 of the Shoals
 20107 | Shoals:1 | Noticed Josephine
 20204 | Shoals:1 | Killed Josephine
 20308 | Shoals:1 | Reached XP level 16. HP: 125/125 MP: 17/17
 20483 | Shoals:1 | Noticed a kraken
 20491 | Shoals:1 | Killed a kraken
 20676 | Shoals:1 | Found Tayfuele's Distillery.
 20684 | Shoals:1 | Bought a potion of heal wounds for 80 gold pieces
 20684 | Shoals:1 | Bought a potion of ambrosia for 128 gold pieces
 20930 | Lair:2   | Reached skill level 24 in Fighting
 21058 | Snake:1  | Entered Level 1 of the Snake Pit
 21687 | Snake:2  | HP: 1/128 [guardian serpent/bolt of poison (19)]
 21688 | Snake:2  | Succumbed to a guardian serpent's bolt of poison

Illustrated notes

Levels and vault maps discovered:
D:1:      heliophobic_arrival_henge, layout_loops_corners
D:2:      wad_woods_stonehenge, layout_loops_ring, basic_altar, minmay_tall_x,
          uniq_sigmund
D:3:      layout_loops_ring, mainiacjoe_overflow_tiny_flanked,
          mainiacjoe_overflow_catwalk_spiral,
          dreamdust_ecumenical_altar_drowned_temple,
          minmay_misc_feat_more_columns
D:4:      layout_loops_ring, serial_shops, shop, ebering_ghost_reflecting_pool
D:5:      layout_rooms, gammafunk_temple_overflow_arena,
          minmay_temple_entry_offerings, serial_shops,
          nicolae_shop_bloodbath_and_beyond
D:6:      layout_basic, kennysheep_mini_moat, chequers_ossuary_entry_cave,
          st_stairs_11
D:7:      layout_basic, amethyst_overflow_temple_binary, nicolae_tricolors
D:8:      layout_basic, lemuel_coloured_pillars_altar, minmay_lair_entry_grove,
          uniq_maggie
D:9:      layout_cave_pools, orc_david_3, hellmonk_ghost_happy_afterlife,
          minmay_tree_intersection, palyth_stone_intersect, nicolae_sextant,
          uniq_erolcha, uniq_gastronok
D:10:     layout_grid_maze, serial_undead, serial_undead_b, serial_undead_f,
          serial_undead_d, serial_undead_e, enter_bailey_6, serial_shops, shop,
          enter_trove_1, nicolae_shop_dragon_depot, uniq_sonja
D:11:     layout_cave_pools, serial_shops, nicolae_diamond_shop, shop,
          nicolae_shop_behind_doors, nicolae_shop_advertising_works
          [nicolae_subvault_shop_adworks], shop
D:12:     dreamdust_dug_too_deep, layout_gridville,
          nicolae_ru_the_path_less_chosen
D:13:     layout_basic, skrybe_vaults_entry_preservation,
          portal_ice_cave_entry_pillars_1, small_statue_intersection,
          minivault_12
D:14:     minmay_the_grid_triangle_9x9_recursive_3
          [minmay_the_grid_triangle_9x9_zippers_horizontal,
          minmay_the_grid_triangle_9x9_limited_checkers,
          minmay_the_grid_triangle_9x9_skeleton,
          minmay_the_grid_triangle_9x9_prize_top_heavy,
          minmay_the_grid_triangle_9x9_warning,
          minmay_the_grid_triangle_9x9_intruding_spiral,
          minmay_the_grid_triangle_9x9_alien,
          minmay_the_grid_triangle_9x9_semitri,
          minmay_the_grid_triangle_9x9_shrine], layout_cave_pools,
          ebering_ghost_reflecting_pool
D:15:     hellmonk_depths_entry_around_the_bend, layout_layer_cave,
          okawaru_metal_pillars_1_2, gammafunk_ghost_fury_of_okawaru
Lair:1:   layout_loops_ring, chequers_serial_rivers_small_b, fungi_pond_lemuel,
          chequers_serial_rivers_room_a, uniq_joseph, uniq_amaemon
Lair:2:   layout_misc_corridors, minmay_shoals_entry_lonely_mermaid,
          minmay_snake_entry_guardpost_large
Shoals:1: layout_shoals, serial_shops, shop, uniq_josephine
Snake:1:  layout_gridlike, serial_bayou_pond_c
Snake:2:  layout_honeycomb, nicolae_snake_salamander_zone, serial_bayou_shore_a

Skill      XL: |  1  2  3  4  5  6  7  8  9 10 11 12 13 14 15 16 |
---------------+-------------------------------------------------+-----
Fighting       | 5 6 8 9 11 13 16 19 21 23 24 | 24.3
Polearms       | 5 7 9 11 13 15 16 18 19 21 | 21.0
Dodging        | |  3.2

Action                     |  1- 3 |  4- 6 |  7- 9 | 10-12 | 13-15 | 16-18 || total
---------------------------+-------+-------+-------+-------+-------+-------++-------
  Melee: Spear             |   116 |    28 |       |       |       |       ||   144
         Kick              |    38 |    19 |    94 |   111 |   243 |    16 ||   521
         Peck              |    12 |    12 |    55 |    81 |   144 |     9 ||   313
         Punch             |       |     1 |       |       |       |       ||     1
         Halberd           |       |    68 |   354 |   240 |       |       ||   662
         Short sword       |       |       |     1 |       |       |       ||     1
         Glaive            |       |       |       |   138 |   763 |   103 ||  1004
   Fire: Shortbow          |       |       |       |       |    47 |       ||    47
  Throw: Boomerang         |       |       |       |     3 |       |       ||     3
 Invoke: Ancestor Life: Kn |       |     1 |       |       |       |       ||     1
         Recall Ancestor   |       |       |       |     4 |     5 |     2 ||    11
    Use: Scroll            |       |       |     8 |     5 |    10 |     3 ||    26
         Potion            |       |       |       |     7 |    11 |     5 ||    23
   Stab: Sleeping          |     3 |     2 |       |     1 |     8 |     1 ||    15
         Distracted        |       |       |     1 |     6 |     8 |     2 ||    17
         Invisible         |       |       |       |       |     2 |       ||     2
 Armour: Robe              |    29 |     7 |       |       |       |       ||    36
         Ring mail         |       |    35 |   158 |    64 |       |       ||   257
         Skin              |       |       |       |     8 |       |       ||     8
         Steam dragon scal |       |       |       |    86 |     3 |       ||    89
         Troll leather arm |       |       |       |       |   379 |    78 ||   457
  Dodge: Dodged            |    56 |    46 |   223 |   236 |   485 |    92 ||  1138
  Block: Other             |       |    12 |    75 |    75 |   146 |    27 ||   335
         Reflection        |       |       |     2 |       |    17 |     8 ||    27

Table legend: (Time is in decaauts)
 A = Elapsed time spent in this place.
 B = Non-inter-level travel time spent in this place.
 C = Inter-level travel time spent in this place.
 D = Time resting spent in this place.
 E = Time spent auto-exploring this place.
 F = Levels seen in this place.
 G = Mean time per level.
                   A        B        C        D        E       F      G
               +--------+--------+--------+--------+--------+-----+--------+
         Total |  21580 |  20750 |    830 |   4146 |  11971 |  24 |  899.2 |
       Dungeon |  15852 |  15122 |    730 |   1926 |  10110 |  15 | 1056.8 |
          Lair |   1427 |   1369 |     58 |     70 |   1057 |   2 |  713.5 |
        Shoals |    634 |    610 |     24 |    238 |     55 |   1 |  634.0 |
     Snake Pit |    631 |    614 |     17 |      0 |    479 |   2 |  315.5 |
         Trove |     66 |     66 |      0 |      0 |      0 |   1 |   66.0 |
       Ossuary |    513 |    513 |      0 |    326 |     61 |   1 |  513.0 |
        Bailey |   1042 |   1042 |      0 |    482 |    209 |   1 | 1042.0 |
      Ice Cave |   1411 |   1411 |      0 |   1104 |      0 |   1 | 1411.0 |
               +--------+--------+--------+--------+--------+-----+--------+

Top non-repeatable levels by time:
     D:8: 2019 daAuts
     D:7: 1610 daAuts
   IceCv: 1411 daAuts
    D:13: 1373 daAuts
    D:14: 1361 daAuts
    D:15: 1232 daAuts
    D:10: 1195 daAuts
  Bailey: 1042 daAuts
     D:6: 946 daAuts
     D:3: 936 daAuts
     D:1: 913 daAuts
     D:9: 913 daAuts
     D:4: 831 daAuts
     D:2: 815 daAuts
  Lair:2: 751 daAuts
